Map: Submarine LE

Players

Nina - Winner!

  • Race: Protoss Protoss
  • League: Grandmaster
  • Spawn Location: 11:00

Robbie (Rob)

  • Race: Protoss Protoss
  • League: Grandmaster
  • Spawn Location: 5:00

Event: The Miserable Cup

VOD

Have the link to the VOD?

Description

Time

  • Played on: June 21, 2020, 4:15 p.m.
  • Length: 5:06

All games in this series

Show
View Real Time Build Order
Export as new Build Order

Nina Protoss - Winner!

Build Orders:  

Get SALT Encoding   

  12  0:00  Probe  
  13  0:12  Probe  
  14  0:18  Pylon  
  14  0:25  Probe  
  15  0:34  Probe  
  15  0:40  Gateway  
  15  0:42  Probe  
  17  0:51  Assimilator, Probe  
  18  1:04  Forge  
  18  1:09  Gateway  
  18  1:18  Pylon  
  18  1:31  Probe  
  19  1:37  Photon Cannon  
  19  1:39  Photon Cannon  
  19  1:43  Cybernetics Core  
  19  1:47  Gateway  
  18  2:00  Probe  
  18  2:01  Pylon  
  19  2:08  Assimilator  
  19  2:13  Probe  
  19  2:23  Gateway  
  19  2:25  Probe  
  19  2:26  Photon Cannon  
  20  2:34  Assimilator  
  20  2:35  Adept  
  20  2:37  Probe  
  20  2:40  Warp Gate  
  21  2:49  Probe  
  24  3:01  Probe  
  25  3:05  Adept  
  27  3:14  Stalker  
  29  3:25  Stalker  
  31  3:31  Gateway  
  31  3:33  Pylon  
  31  3:50  Stalker x2  
  35  4:04  Stalker  
  37  4:10  Shield Battery  
  35  4:30  Stalker x2  
  39  4:36  Pylon  
  37  4:46  Stalker  
  37  4:52  Stalker  
Show
View Real Time Build Order
Export as new Build Order

Robbie Protoss 

Build Orders:  

Get SALT Encoding   

  12  0:00  Probe  
  13  0:12  Probe  
  14  0:25  Probe  
  15  0:36  Pylon  
  15  0:54  Forge  
  15  0:55  Gateway  
  15  0:57  Gateway  
  15  1:08  Pylon  
  15  1:26  Photon Cannon  
  15  1:30  Probe  
  16  1:34  Assimilator, Zealot  
  16  1:41  Probe  
  19  1:47  Assimilator  
  19  1:49  Probe  
  21  2:04  Cybernetics Core  
  20  2:13  Pylon  
  20  2:18  Probe  
  21  2:30  Probe  
  22  2:43  Shield Battery  
  22  2:45  Stargate  
  22  2:59  Photon Cannon  
  22  3:16  Pylon  
  22  3:18  Void Ray  
  26  3:35  Probe  
  26  4:00  Void Ray  
  23  4:37  Pylon  
  23  4:39  Pylon  
  21  4:55  Pylon  
Tags
 
Add a new tag
Caveats
  • Supply blocks, unpowered buildings, or Contaminate may cause inaccurate times.
  • Supply counts are checked every 10 seconds.